 Dungeon Crawl Stone Soup version 0.30-a0-800-g7c544603b3 (webtiles) character file.

Game seed: 5622310446509031187

4085 Pimp the Trooper (level 10, -3/72 (79) HPs)
             Began as a Demonspawn Fighter on Feb 21, 2023.
             Was an Elder of Okawaru.
             Slain by a wight
             ... wielding a +0 long sword
              (9 damage)
             ... on level 8 of the Dungeon.
             The game lasted 00:17:35 (8326 turns).

Pimp the Trooper (Demonspawn Fighter)               Turns: 8326, Time: 00:17:35

HP:   -3/72 (79)    AC: 17    Str: 25    XL:     10   Next: 5%
MP:   10/10         EV:  7    Int:  9    God:    Okawaru [****..]
Gold: 404           SH:  0    Dex: 20    Spells: 9/9 levels left

rFire   . . .      SeeInvis .    v - +7 mace "Faezo" {heavy, Str+5 Dex+4}
rCold   . . .      Faith    .    (no shield)
rNeg    . . .      Spirit   .    k - +0 plate armour
rPois   .          Reflect  .    (no helmet)
rElec   .          Harm     .    (no cloak)
rCorr   .          Rampage  .    (no gloves)
Will    .....                    (no boots) Stlth
                                 (no amulet)
HPRegen 0.32/turn                p - ring of flight
MPRegen 0.12/turn                (no ring)

@: flying, drained
A: icy blue scales 2, powered by pain 2, demonic touch 2, thin skeletal
structure 1, shaggy fur 1, MP-powered wands
a: Renounce Religion, Heroism, Finesse


You were on level 8 of the Dungeon.
You worshipped Okawaru.
Okawaru was greatly pleased with you.
You visited 1 branch of the dungeon, and saw 9 of its levels.

You collected 404 gold pieces.

Inventory:

Hand Weapons
 a - a +1 war axe of freezing
 e - the +9 shortbow "Ugoih" {flame, rN+}
   (You found it on level 5 of the Dungeon)

   rN:        It protects you from negative energy.
 v - the +7 mace "Faezo" (weapon) {heavy, Str+5 Dex+4}
   (You found it on level 7 of the Dungeon)

   Str:       It affects your strength (+5).
   Dex:       It affects your dexterity (+4).
Missiles
 g - 7 curare-tipped darts (quivered)
Armour
 c - a +0 buckler
 k - a +0 plate armour (worn)
Jewellery
 p - a ring of flight (left hand)
 t - a ring of magical power
 u - a ring of fire
 x - an amulet of guardian spirit
Wands
 n - a wand of charming (6)
Scrolls
 i - 9 scrolls of teleportation
 l - 2 scrolls of amnesia
 m - 2 scrolls of vulnerability
 o - 5 scrolls of identify
 r - a scroll of magic mapping
Potions
 b - 2 potions of attraction {unknown}
 d - a potion of might
 f - a potion of resistance
 h - 2 potions of curing
 j - a potion of flight {unknown}
 q - a potion of lignification
 s - 2 potions of berserk rage {unknown}


   Skills:
 + Level 7.4 Fighting
 - Level 5.7(6.2) Axes
 * Level 3.6(5.2) Maces & Flails
 * Level 3.8 Ranged Weapons
 + Level 6.9 Armour
 + Level 6.8 Shields


You had 9 spell levels left.
You didn't know any spells.
Your spell library contained the following spells:

 Spells                   Type           Power      Damage    Failure   Level
 Beastly Appendage        Tmut           0%         N/A       99%         1
 Freeze                   Ice            0%         1d3       99%         1
 Scorch                   Fire           0%         2d5       100%        2
 Wereblood                Tmut           0%         N/A       100%        2
 Frozen Ramparts          Ice            0%         1d1       100%        3
 Hailstorm                Conj/Ice       0%         3d3       100%        3
 Portal Projectile        Hex/Tloc       0%         N/A       100%        3
 Spider Form              Tmut/Pois      0%         N/A       100%        3
 Flame Wave               Conj/Fire      0%         2d4       100%        4
 Leda's Liquefaction      Hex/Erth       0%         N/A       100%        4
 Call Canine Familiar     Summ           Unusable   N/A       N/A         3
 Summon Cactus Giant      Summ           Unusable   N/A       N/A         6

Dungeon Overview and Level Annotations

Branches:
Dungeon (9/15)             Temple (0/1) D:6
   Lair: D:8-11         Orc: D:9-12

Altars:
Cheibriados
Fedhas
Gozag
Nemelex Xobeh
Okawaru
Trog
Uskayaw
Vehumet
Wu Jian

Shops:
D:1 [

Annotations:
D:4 1 runed translucent door, Crazy Yiuf
D:5 2 transporters


Innate Abilities, Weirdness & Mutations

You are mostly covered in icy blue scales. (AC +3)
You sometimes gain power by taking damage.
Your touch may inflict irresistible damage on your foes.
You have a somewhat thin skeletal structure. (Dex +2, Stealth+)
You are covered in fur. (AC +1)
You expend magic power (3 MP) to strengthen your wands.


Message History

You feel drained. The wight freezes you.
The wight hits you from afar with a +2 halberd of freezing!
You feel drained. The wight freezes you.
The wight hits you but does no damage. x2
You sock the wight!
The wight is heavily damaged.
The wight hits you with a +5 flail of freezing.
You feel drained. The wight freezes you.
The wight hits you from afar with a +2 halberd of freezing!
The wight freezes you.
The wight hits you but does no damage. x2
You hit the wight.
You touch the wight.
You destroy the wight!
Okawaru accepts your kill. The wight closely misses you.
You sock the wight!
The wight is heavily damaged.
The wight hits you with a +0 long sword.
* * * LOW HITPOINT WARNING * * *
You feel drained.
* * * LOW HITPOINT WARNING * * *
The wight barely misses you.
The wight hits you from afar with a +2 halberd of freezing!
* * * LOW HITPOINT WARNING * * *
The wight freezes you.
* * * LOW HITPOINT WARNING * * *
You closely miss the wight.
The wight is heavily damaged.
The wight barely misses you. The wight hits you but does no damage.
The wight barely misses you.
The wight hits you from afar with a +2 halberd of freezing.
* * * LOW HITPOINT WARNING * * *
You feel drained.
* * * LOW HITPOINT WARNING * * *
The wight freezes you.
* * * LOW HITPOINT WARNING * * *
As you read the scroll labelled ATSOESK SOXIDDIO, it crumbles to dust.
Your body is wracked with pain!
* * * LOW HITPOINT WARNING * * *
It was a scroll of torment.
The wight hits you with a +0 long sword!
You die...

#.##....._.....#
#.##.#.......#.#
#.#..#.......#.#
#....##.....## #
####.####.####
#..........
#.#.#####.#
#...# #####
###@# #..... #z#
#......
#z##....<.z
#..)z8.....
####.......
#..8.8. #.....
#...# #...


You could see 2 wights.

Vanquished Creatures
  Grinder (D:5)
  3 yaks
  2 vampire mosquitoes (D:7)
  2 steam dragons
  Menkaure (D:4)
  Duvessa (D:5)
  2 water moccasins
  An orc warrior (D:7)
  3 sky beasts
  A black bear (D:6)
  3 ogres
  A centaur (D:8)
  A phantom (D:6)
  2 kobold brigands
  A necrophage (D:7)
  A scorpion (D:5)
  12 wights
  Dowan (D:5)
  A gnoll bouda (D:7)
  5 hounds
  4 orc priests
  5 orc wizards
  2 iguanas
  7 gnolls
  4 adders
  2 shadow imps
  3 white imps
  A worm (D:4)
  20 orcs
  6 ball pythons
  7 bats
  7 endoplasms
  4 giant cockroaches
  2 goblins
  11 hobgoblins
  A quokka (D:3)
  2 frilled lizards (D:1)
  17 kobolds
  4 rats
154 creatures vanquished.

Vanquished Creatures (others)
  A shadow imp (D:8)
1 creature vanquished.

Grand Total: 155 creatures vanquished

Notes
Turn   | Place    | Note
-------+----------+-------------------------------------------
     0 | D:1      | Pimp the Demonspawn Fighter began the quest for the Orb.
     0 | D:1      | Reached XP level 1. HP: 18/18 MP: 1/1
    36 | D:1      | Found Zolemib's Antique Armour Emporium.
   146 | D:1      | Gained mutation: You are partially covered in icy blue
                  | scales. (AC +2) [demonic ancestry]
   146 | D:1      | Reached XP level 2. HP: 13/24 MP: 2/2
   922 | D:3      | Gained mutation: You sometimes gain a little power by
                  | taking damage. [demonic ancestry]
   922 | D:3      | Reached XP level 3. HP: 26/29 MP: 3/3
  1195 | D:3      | Reached XP level 4. HP: 6/35 MP: 4/4
  1311 | D:3      | Found a hide-covered altar of Uskayaw.
  1856 | D:4      | Noticed Menkaure
  1863 | D:4      | Killed Menkaure
  1864 | D:4      | Reached skill level 4 in Fighting
  1864 | D:4      | Gained mutation: You are mostly covered in icy blue scales.
                  | (AC +3) [demonic ancestry]
  1864 | D:4      | Reached XP level 5. HP: 14/42 MP: 5/5
  2056 | D:4      | Noticed a sky beast
  2076 | D:4      | Killed a sky beast
  2077 | D:4      | Reached XP level 6. HP: 26/48 MP: 6/6
  2155 | D:4      | Found an iron altar of Okawaru.
  2166 | D:4      | Became a worshipper of Warmaster Okawaru
  2781 | D:4      | Gained mutation: You occasionally lose the ability to read
                  | scrolls when taking damage. [potion of mutation]
  2781 | D:4      | Gained mutation: You passively map a small area around you.
                  | [potion of mutation]
  2782 | D:4      | Lost mutation: You occasionally lose the ability to read
                  | scrolls when taking damage. [potion of mutation]
  2782 | D:4      | Lost mutation: You passively map a small area around you.
                  | [potion of mutation]
  2782 | D:4      | Gained mutation: You have a somewhat thin skeletal
                  | structure. (Dex +2, Stealth+) [potion of mutation]
  2782 | D:4      | Gained mutation: You expend magic power (3 MP) to
                  | strengthen your wands. [potion of mutation]
  2782 | D:4      | Gained mutation: You are covered in fur. (AC +1) [potion of
                  | mutation]
  2800 | D:4      | Found a runed translucent door.
  2801 | D:4      | Noticed Crazy Yiuf
  3019 | D:5      | Entered Level 5 of the Dungeon
  3078 | D:5      | Noticed Dowan
  3079 | D:5      | Noticed Duvessa
  3099 | D:5      | Killed Duvessa
  3099 | D:5      | Reached * piety under Okawaru
  3100 | D:5      | Gained mutation: Your touch may inflict minor irresistible
                  | damage on your foes. [demonic ancestry]
  3100 | D:5      | Reached XP level 7. HP: 24/54 MP: 7/7
  3102 | D:5      | Killed Dowan
  3227 | D:5      | Noticed a yak
  3230 | D:5      | Found a sparkling altar of Nemelex Xobeh.
  3230 | D:5      | Found a transporter.
  3239 | D:5      | Found a transporter.
  3366 | D:5      | Reached skill level 5 in Fighting
  3500 | D:5      | Identified the +9 shortbow "Ugoih" {flame, rN+}
  3870 | D:5      | Noticed Grinder
  3892 | D:5      | Killed Grinder
  3893 | D:5      | Reached skill level 5 in Armour
  3893 | D:5      | Reached skill level 5 in Shields
  3893 | D:5      | Reached XP level 8. HP: 28/63 MP: 8/8
  4179 | D:5      | Reached ** piety under Okawaru
  4776 | D:6      | Found an opulent altar of Gozag.
  4938 | D:6      | Reached skill level 6 in Fighting
  4938 | D:6      | Reached skill level 5 in Axes
  6227 | D:6      | Found a staircase to the Ecumenical Temple.
  6415 | D:7      | Reached *** piety under Okawaru
  6416 | D:7      | Gained mutation: Your touch may inflict irresistible damage
                  | on your foes. [demonic ancestry]
  6416 | D:7      | Reached XP level 9. HP: 27/71 MP: 9/9
  6590 | D:7      | Found a large runed translucent door.
  6591 | D:7      | Found a large runed translucent door.
  6752 | D:7      | Found a blossoming altar of Fedhas.
  7143 | D:7      | Found an ornate altar of the Wu Jian Council.
  7154 | D:7      | Identified the +7 mace "Faezo" {heavy, Str+5 Dex+4}
  7292 | D:7      | Reached skill level 1 in Ranged Weapons
  7295 | D:7      | Reached skill level 1 in Maces & Flails
  7731 | D:7      | Found a radiant altar of Vehumet.
  7743 | D:7      | Found a bloodstained altar of Trog.
  7750 | D:7      | Reached skill level 7 in Fighting
  8118 | D:8      | Identified the +1 robe of Bursted the Leaf {*Slow rPois
                  | rCorr Dex+3}
  8122 | D:8      | Reached **** piety under Okawaru
  8142 | D:8      | Found a snail-covered altar of Cheibriados.
  8265 | D:8      | Gained mutation: You sometimes gain power by taking damage.
                  | [demonic ancestry]
  8265 | D:8      | Reached XP level 10. HP: 74/79 MP: 10/10
  8326 | D:8      | Slain by a wight

Illustrated notes

Levels and vault maps discovered:
D:1:      eino_arrival_water_cross, layout_rooms, serial_shops,
          nicolae_shop_behind_doors
D:2:      layout_rooms
D:3:      layout_loops_ring, mainiacjoe_overflow_alcove_4,
          corexii_item_surrounded_by_moat, grunt_decor_cap
D:4:      cheibrodos_pilgrimage, layout_loops_ring, okawaru_gym_becter,
          chequers_decorated_corner, uniq_crazy_yiuf_cottage, uniq_menkaure
D:5:      nicolae_cairo_tiling_large_dashed, layout_basic,
          gammafunk_temple_overflow_arena, water_maze_lemuel, uniq_duvessa,
          uniq_grinder
D:6:      layout_layer_cave, nicolae_tso_swordbearing_angel,
          nicolae_gozag_seed_capital, lemuel_temple_firewalk_a
D:7:      layout_basic, nicolae_wu_jian_glorious_leap,
          mainiacjoe_overflow_concentric_impassable, jmf_multi_god_temple2
D:8:      layout_loops_ring, lemuel_mausoleum_altar_kikubaaqudgha,
          old_standard_altar, nicolae_ossuary_entry_ruins, grunt_ministairs_9
D:9:      layout_loops_corners, zin_statuary, david_orc_1_choice,
          small_chamber_with_monster, minivault_28

Skill      XL: |  1  2  3  4  5  6  7  8  9 |
---------------+----------------------------+-----
Axes           | 2 3 4 5 |  5.7
Armour         | 3 4 5 6 |  6.9
Shields        | 3 4 5 6 |  6.8
Fighting       | 4 5 6 7 |  7.4
Ranged Weapons | 3 |  3.8
Maces & Flails | 3 |  3.6

Action                     |  1- 3 |  4- 6 |  7- 9 | 10-12 || total
---------------------------+-------+-------+-------+-------++-------
  Melee: War axe           |   104 |   114 |   230 |       ||   448
         Mace              |       |       |    73 |     9 ||    82
         Touch             |       |       |    14 |     1 ||    15
         Punch             |       |       |     1 |       ||     1
   Fire: Shortbow          |       |       |    25 |       ||    25
  Throw: Dart              |       |       |     7 |       ||     7
    Use: Potion            |       |     3 |     2 |       ||     5
         Scroll            |       |    12 |     5 |     1 ||    18
 Armour: Scale mail        |    85 |    46 |       |       ||   131
         Plate armour      |       |    25 |   295 |    13 ||   333
  Dodge: Dodged            |    64 |    56 |    94 |    10 ||   224
  Block: Buckler           |    23 |    27 |    59 |       ||   109

Table legend: (Time is in decaauts)
 A = Elapsed time spent in this place.
 B = Non-inter-level travel time spent in this place.
 C = Inter-level travel time spent in this place.
 D = Time resting spent in this place.
 E = Time spent auto-exploring this place.
 F = Levels seen in this place.
 G = Mean time per level.
                   A        B        C        D        E       F      G
               +--------+--------+--------+--------+--------+-----+--------+
         Total |   8568 |   8328 |    240 |   2199 |   4459 |   9 |  952.0 |
       Dungeon |   8568 |   8328 |    240 |   2199 |   4459 |   9 |  952.0 |
               +--------+--------+--------+--------+--------+-----+--------+

Top non-repeatable levels by time:
     D:6: 2028 daAuts
     D:7: 1507 daAuts
     D:5: 1471 daAuts
     D:4: 1340 daAuts
     D:3: 850 daAuts
     D:2: 494 daAuts
     D:1: 417 daAuts
     D:8: 351 daAuts
     D:9: 107 daAuts
